 Dungeon Crawl Stone Soup version 0.29-a0-520-gc852659d43 (webtiles) character file.

Game seed: 1308194882901997061

912 Bruhh the Chiller (level 8, -5/57 HPs)
             Began as a Gnoll Ice Elementalist on May 31, 2022.
             Was an Initiate of Gozag.
             Killed from afar by a steam dragon (19 damage)
             ... with a ball of steam
             ... on level 5 of the Dungeon.
             The game lasted 00:05:40 (5944 turns).

Bruhh the Chiller (Gnoll Ice Elementalist)          Turns: 5944, Time: 00:05:43

Health: -5/57      AC:  5    Str:  8    XL:     8   Next: 9%
Magic:  13/16      EV: 14    Int: 22    God:    Gozag
Gold:   397        SH:  0    Dex: 12    Spells: 11/18 levels left

rFire   . . .      SeeInvis .   A - +7 scimitar "Epedef" {protect, Int+3}
rCold   . . .      Faith    .   (no shield)
rNeg    + . .      Spirit   .   a - +0 robe
rPois   .          Reflect  .   i - +1 helmet
rElec   .          Harm     .   h - +0 cloak "Jasesch" {Int+2}
rCorr   .          Rampage  .   (no gloves)
Will    .....                   (no boots)
Stlth   +++.......              (no amulet)
HPRegen 0.19/turn               e - ring of positive energy
MPRegen 0.15/turn               r - ring of flight

@: freezing walls, flying
A: fangs 1, strong nose, distributed training
a: Renounce Religion, Potion Petition, Call Merchant, Bribe Branch


You were on level 5 of the Dungeon.
You worshipped Gozag.
Gozag was aware of your devotion.
You visited 2 branches of the dungeon, and saw 6 of its levels.

You collected 462 gold pieces.
You paid 65 gold pieces to Gozag.

Inventory:

Hand Weapons
 p - a +0 war axe
 u - a +0 mace of holy wrath
 A - the +7 scimitar "Epedef" (weapon) {protect, Int+3}
   (You found it on level 5 of the Dungeon)

   It grants its wielder temporary protection when it strikes (+7 to AC).
   Int:       It affects your intelligence (+3).
Armour
 a - a +0 robe (worn)
 h - the +0 cloak "Jasesch" (worn) {Int+2}
   (You found it on level 2 of the Dungeon)

   Int:       It affects your intelligence (+2).
 i - a +1 helmet (worn)
Jewellery
 e - a ring of positive energy (left hand)
 r - a ring of flight (right hand)
 D - a ring of see invisible
Wands
 o - a wand of iceblast (11)
 v - a wand of polymorph (2)
 x - a wand of digging (13)
 C - a wand of paralysis (1)
 F - a wand of flame (7)
Scrolls
 c - a scroll of vulnerability {unknown}
 f - 2 scrolls of fear {unknown}
 j - 3 scrolls of immolation {unknown}
 k - 2 scrolls of enchant armour {unknown}
 l - 4 scrolls of identify {unknown}
 m - 7 scrolls of teleportation
 n - 2 scrolls of amnesia {unknown}
 t - a scroll of enchant weapon {unknown}
 y - a scroll of summoning {unknown}
 B - a scroll of blinking {unknown}
 E - a scroll of poison {unknown}
 G - a scroll of fog {unknown}
Potions
 b - 3 potions of magic
 d - a potion of might {unknown}
 g - 5 potions of curing {unknown}
 q - a potion of mutation {unknown}
 s - 2 potions of degeneration {unknown}
 w - a potion of haste {unknown}
 z - a potion of invisibility {unknown}


   Skills:
 + Level 2.9 Fighting
 + Level 2.9 Short Blades
 + Level 2.9 Long Blades
 + Level 2.9 Axes
 + Level 2.9 Maces & Flails
 + Level 2.9 Polearms
 + Level 2.9 Staves
 + Level 2.9 Slings
 + Level 2.9 Bows
 + Level 2.9 Crossbows
 + Level 2.9 Throwing
 + Level 2.9 Armour
 + Level 5.5 Dodging
 + Level 5.1 Stealth
 + Level 2.9 Shields
 + Level 2.9 Unarmed Combat
 + Level 5.8 Spellcasting
 + Level 2.3 Conjurations
 + Level 2.3 Hexes
 + Level 2.3 Summonings
 + Level 2.3 Necromancy
 + Level 2.3 Translocations
 + Level 2.3 Transmutations
 + Level 2.3 Fire Magic
 + Level 7.5 Ice Magic
 + Level 2.3 Air Magic
 + Level 2.3 Earth Magic
 + Level 2.3 Poison Magic
 + Level 3.2 Invocations
 + Level 2.9 Evocations


You had 11 spell levels left.
You knew the following spells:

 Your Spells              Type           Power      Damage    Failure   Level
a - Freeze                Ice            100%       1d11      1%          1
b - Frozen Ramparts       Ice            78%        1d9       1%          3
c - Ozocubu's Armour      Ice            39%        N/A       1%          3

Your spell library contained the following spells:

 Spells                   Type           Power      Damage    Failure   Level
 Apportation              Tloc           34%        N/A       3%          1
 Conjure Flame            Conj/Fire      17%        6-21      11%         3
 Ignite Poison            Fire/Tmut/Pois 17%        N/A       11%         3
 Hailstorm                Conj/Ice       28%        3d8       12%         4
 Sticky Flame             Conj/Fire      17%        2d4       34%         4
 Alistair's Intoxication  Tmut/Pois      11%        N/A       67%         5


Dungeon Overview and Level Annotations

Branches:
Dungeon (5/15)             Temple (1/1) D:4

Altars:
Cheibriados
Dithmenos
Elyvilon
Fedhas
Gozag
Hepliaklqana
Nemelex Xobeh
Okawaru
Qazlal
Ru
Sif Muna
Uskayaw
Xom
Yredelemnul
Zin
The Shining One

Shops:
D:2 [   D:4 *

Annotations:
D:3 Grinder


Innate Abilities, Weirdness & Mutations

You have very sharp teeth.
Your uncanny sense of smell can sniff out nearby items.
Your experience applies equally to all skills.


Message History

The water moccasin seems to slow down.
You feel very sick. The water moccasin bites you.
You are more poisoned.
The water moccasin poisons you!
You freeze the water moccasin!
You kill the water moccasin!
You feel very sick.
You have reached level 8!
You feel clever.
You feel very sick.
You now have 397 gold pieces (gained 5).
You feel very sick.
You feel sick.
You feel sick.
You feel sick.
You feel sick.
You feel sick.
You feel sick.
You feel sick.
You feel sick.
You are no longer poisoned.
A steam dragon comes into view.
A steam dragon is nearby!
A steam dragon is nearby!
A steam dragon is nearby!
The steam dragon breathes steam at you. The ball of steam hits you!
You are engulfed in a cloud of scalding steam.
* * * LOW HITPOINT WARNING * * *
Casting: Freeze (safe; 1% risk of failure)
Confirm with . or Enter, or press ? or * to list all spells.
Casting: Frozen Ramparts (safe; 1% risk of failure)
Press: ? - help, Dir - look around, f - activate The walls around you are covered in ice.
The wall freezes the steam dragon.
The steam dragon breathes steam at you. The ball of steam hits you!!
You die...
Your body crumbles into a pile of gold.

#####...#.♣.♣.#..###
.#.#.....#.....#....##
.........###'###.....#
.............###....#
#........§....#.....#
....§§§§§§§...#.....#
....§.D§.§§§........#
...#..#§§...........##
......#.##@..§..........# ..
..........##..##.........### .
#.........#######........<.#
##.......... ##...........# ##
#..........#####........#..##
.###...........##.#.......##...#
..........................###..##
...## #...................#.#...#
.#..# #..........#....###......)


You could see a steam dragon (catching breath).

Vanquished Creatures
  A water moccasin (D:5)
  A black bear (D:5)
  A sky beast (D:5)
  A centaur (D:5)
  An ogre (D:5)
  A phantom (D:5)
  A jelly (D:5)
  3 orc priests (D:4)
  2 hounds (D:5)
  Jessica (D:3)
  Ijyb (D:4)
  An iguana (D:5)
  3 adders
  A shadow imp (D:5)
  A white imp (D:5)
  A dart slug (D:2)
  11 orcs
  7 ball pythons
  5 bats
  6 endoplasms
  2 giant cockroaches
  13 goblins
  9 hobgoblins
  A jackal (D:2)
  5 kobolds
  3 frilled lizards (D:3)
  A rat (D:2)
84 creatures vanquished.

Vanquished Creatures (others)
  33 plants (D:4)
33 creatures vanquished.

Grand Total: 117 creatures vanquished

Notes
Turn   | Place    | Note
-------+----------+-------------------------------------------
     0 | D:1      | Bruhh the Gnoll Ice Elementalist began the quest for the
                  | Orb.
     0 | D:1      | Reached XP level 1. HP: 13/13 MP: 6/6
   502 | D:1      | Reached XP level 2. HP: 19/19 MP: 5/7
   699 | D:1      | You fall into a shaft and drop 1 floor!
   802 | D:2      | Identified the +0 cloak "Jasesch" {Int+2}
  1184 | D:2      | Reached XP level 3. HP: 25/25 MP: 7/9
  1238 | D:2      | Reached skill level 5 in Spellcasting
  1254 | D:2      | Found Garewkas's Armour Shoppe.
  1334 | D:2      | Learned a level 3 spell: Frozen Ramparts
  1338 | D:2      | Learned a level 3 spell: Ozocubu's Armour
  1546 | D:2      | Reached skill level 1 in Invocations
  1770 | D:3      | Noticed Grinder
  1775 | D:3      | Paralysed by Grinder for 3 turns
  1988 | D:3      | Noticed Jessica
  1991 | D:3      | Killed Jessica
  1992 | D:3      | Reached skill level 1 in Fighting
  1992 | D:3      | Reached skill level 1 in Short Blades
  1992 | D:3      | Reached skill level 1 in Long Blades
  1992 | D:3      | Reached skill level 1 in Axes
  1992 | D:3      | Reached skill level 1 in Maces & Flails
  1992 | D:3      | Reached skill level 1 in Polearms
  1992 | D:3      | Reached skill level 1 in Staves
  1992 | D:3      | Reached skill level 1 in Slings
  1992 | D:3      | Reached skill level 1 in Bows
  1992 | D:3      | Reached skill level 1 in Crossbows
  1992 | D:3      | Reached skill level 1 in Throwing
  1992 | D:3      | Reached skill level 1 in Armour
  1992 | D:3      | Reached skill level 1 in Shields
  1992 | D:3      | Reached skill level 1 in Unarmed Combat
  1992 | D:3      | Reached skill level 1 in Evocations
  1992 | D:3      | Reached XP level 4. HP: 32/32 MP: 8/11
  2049 | D:3      | Found a faded altar of an unknown god.
  2529 | D:4      | Reached skill level 1 in Conjurations
  2529 | D:4      | Reached skill level 1 in Hexes
  2529 | D:4      | Reached skill level 1 in Summonings
  2529 | D:4      | Reached skill level 1 in Necromancy
  2529 | D:4      | Reached skill level 1 in Translocations
  2529 | D:4      | Reached skill level 1 in Transmutations
  2529 | D:4      | Reached skill level 1 in Fire Magic
  2529 | D:4      | Reached skill level 1 in Air Magic
  2529 | D:4      | Reached skill level 1 in Earth Magic
  2529 | D:4      | Reached skill level 1 in Poison Magic
  2532 | D:3      | Reached XP level 5. HP: 18/37 MP: 6/12
  3305 | D:4      | Found a staircase to the Ecumenical Temple.
  3320 | Temple   | Entered the Ecumenical Temple
  3577 | Temple   | Became a worshipper of Gozag Ym Sagoz the Greedy
  3600 | D:4      | Found a sparkling altar of Nemelex Xobeh.
  3806 | D:4      | Found Nitihay's Assorted Antiques.
  3843 | D:4      | Noticed Ijyb
  3864 | D:4      | Killed Ijyb
  3873 | D:4      | Reached XP level 6. HP: 41/44 MP: 2/13
  4004 | D:4      | Found a snail-covered altar of Cheibriados.
  4299 | D:5      | Entered Level 5 of the Dungeon
  4306 | D:5      | Noticed Blork the orc
  4310 | D:5      | Reached skill level 5 in Dodging
  4918 | D:5      | Noticed Blork
  4918 | D:5      | Blork the orc changed into Blork the swamp drake
  4919 | D:5      | Noticed Blork
  4919 | D:5      | Blork the swamp drake changed into Blork the sky beast
  4923 | D:5      | Killed Blork the sky beast
  4924 | D:5      | Reached XP level 7. HP: 50/50 MP: 6/15
  4957 | D:5      | Identified the +7 scimitar "Epedef" {protect, Int+3}
  5416 | D:5      | Reached skill level 5 in Stealth
  5789 | D:5      | Found a stormy altar of Qazlal.
  5812 | D:5      | Reached XP level 8. HP: 29/57 MP: 10/16
  5944 | D:5      | Killed from afar by a steam dragon

Illustrated notes

Levels and vault maps discovered:
D:1:      minmay_arrival_widening_spiral_wide, layout_basic
D:2:      layout_rooms, serial_shops, nicolae_shop_advertising_works
          [nicolae_subvault_shop_adworks], minmay_puff
D:3:      layout_rooms, shapermc_ecumenical_altar_venn, uniq_grinder,
          uniq_jessica
D:4:      kennysheep_the_goblin_king, layout_loops_ring, kennysheep_mini,
          mainiacjoe_overflow_six_doors_small, temple_statues,
          nicolae_take_the_stairs, hangedman_decor_opposing,
          minmay_stone_trees_small, dreamdust_princess_corridor,
          grunt_ministairs_11, serial_bayou_lagoon_a
D:5:      layout_cave_pools, kennysheep_little_box,
          chequers_serial_rivers_micro_c, water_maze_lemuel, uniq_blork_the_orc
Temple:   nicolae_temple_figure_eight

Skill      XL: |  1  2  3  4  5  6  7 |
---------------+----------------------+-----
Spellcasting   | 5 |  5.8
Invocations    | 1 2 3 |  3.2
Fighting       | 1 2 |  2.9
Short Blades   | 1 2 |  2.9
Long Blades    | 1 2 |  2.9
Axes           | 1 2 |  2.9
Maces & Flails | 1 2 |  2.9
Polearms       | 1 2 |  2.9
Staves         | 1 2 |  2.9
Slings         | 1 2 |  2.9
Bows           | 1 2 |  2.9
Crossbows      | 1 2 |  2.9
Throwing       | 1 2 |  2.9
Armour         | 1 2 |  2.9
Shields        | 1 2 |  2.9
Unarmed Combat | 1 2 |  2.9
Evocations     | 1 2 |  2.9
Conjurations   | 1 2 |  2.3
Hexes          | 1 2 |  2.3
Summonings     | 1 2 |  2.3
Necromancy     | 1 2 |  2.3
Translocations | 1 2 |  2.3
Transmutations | 1 2 |  2.3
Fire Magic     | 1 2 |  2.3
Air Magic      | 1 2 |  2.3
Earth Magic    | 1 2 |  2.3
Poison Magic   | 1 2 |  2.3
Dodging        | 5 |  5.5
Stealth        | 5 |  5.1
Ice Magic      | |  7.5

Action                   |  1- 3 |  4- 6 |  7- 9 || total
-------------------------+-------+-------+-------++-------
Melee: Unarmed           |    15 |     9 |       ||    24
       Bite              |     4 |     3 |     5 ||    12
       Punch             |     1 |       |       ||     1
       War axe           |       |     3 |       ||     3
       Mace              |       |    22 |       ||    22
       Scimitar          |       |       |    30 ||    30
 Cast: Freeze            |    49 |    50 |    16 ||   115
       Frozen Ramparts   |       |     2 |     2 ||     4
       Ozocubu's Armour  |       |     2 |     1 ||     3
Evoke: Wand              |       |     2 |       ||     2
 Stab: Sleeping          |       |     1 |       ||     1
Armor: Robe              |    12 |    28 |    17 ||    57
Dodge: Dodged            |    34 |    57 |    24 ||   115

Table legend: (Time is in decaauts)
 A = Elapsed time spent in this place.
 B = Non-inter-level travel time spent in this place.
 C = Inter-level travel time spent in this place.
 D = Time resting spent in this place.
 E = Time spent auto-exploring this place.
 F = Levels seen in this place.
 G = Mean time per level.
                   A        B        C        D        E       F      G
               +--------+--------+--------+--------+--------+-----+--------+
         Total |   5981 |   5695 |    286 |    958 |   3971 |   6 |  996.8 |
       Dungeon |   5713 |   5436 |    277 |    958 |   3757 |   5 | 1142.6 |
        Temple |    267 |    258 |      9 |      0 |    214 |   1 |  267.0 |
               +--------+--------+--------+--------+--------+-----+--------+

Top non-repeatable levels by time:
     D:4: 1494 daAuts
     D:3: 1230 daAuts
     D:5: 1168 daAuts
     D:2: 1121 daAuts
     D:1: 699 daAuts
  Temple: 267 daAuts
